AoeStats
← Barry McCocnher

Fortress

510217253Analyzed
2v2 RM · 3d ago on Sep 30, 2026· 67m 55s· 4 players
Game mode
Random Map
Map size
Normal (6 player)
Population
200
Speed
Normal
Resources
Standard
Victory
Conquest
Starting age
Dark Age
Ending age
Imperial Age
RankedLock teamsTeams togetherTeam positionsShared explorationLock speedFull tech treeHidden civsTurbo modeCheats
Victory
Defeat
🇮🇳 Japanese · India
695
+16
🇧🇷 Tatars · Brazil
656
+18
🇺🇸 Khmer · United States
820
-22
🇺🇸 Britons · United States
566
-12
•SHS - Léo
5:05 Loom
8:43 Feudal Age
10:15 Double-Bit Axe
18:08 Castle Age
17:18 Gold Mining
17:19 Stone Mining
22:14 Bow Saw
22:42 Wheelbarrow
21:53 Town Watch
25:55 Gold Shaft Mining
29:53 Imperial Age
30:33 Elite Steppe Lancer
31:17 Husbandry
31:29 Bloodlines
31:31 Scale Barding Armor
31:26 Scale Mail Armor
31:36 Forging
34:50 Elite Keshik
38:14 Chain Barding Armor
38:30 Iron Casting
37:56 Padded Archer Armor
37:46 Fletching
66:21 Light Cavalry
Avicii Enjoyer
7:28 Feudal Age
5:43 Loom
7:57 Double-Bit Axe
11:51 Horse Collar
13:00 Forging
12:53 Scale Mail Armor
14:24 Gold Mining
17:06 Castle Age
21:58 Bow Saw
40:53 Imperial Age
41:13 Stone Mining
41:59 Gold Shaft Mining
44:03 Wheelbarrow
44:09 Wheelbarrow
45:15 Wheelbarrow
44:56 Yasama
44:33 Elite Samurai
46:36 Hand Cart
46:35 Town Watch
62:00 Capped Ram
rocketnosari
8:56 Feudal Age
9:57 Double-Bit Axe
12:11 Wheelbarrow
12:40 Fletching
12:51 Padded Archer Armor
13:35 Gold Mining
13:56 Horse Collar
18:15 Castle Age
20:06 Loom
20:37 Bow Saw
20:31 Heavy Plow
25:27 Bodkin Arrow
25:47 Leather Archer Armor
26:00 Hand Cart
26:29 Stone Mining
27:44 Ballistics
30:23 Yeomen
32:54 Imperial Age
31:59 Murder Holes
33:43 Bracer
34:14 Ring Archer Armor
35:18 Elite Longbowman
38:24 Pikeman
39:17 Halberdier
45:49 Conscription
48:25 Forging
48:17 Scale Mail Armor
Barry McCocnher
7:03 Feudal Age
12:18 Castle Age
11:22 Double-Bit Axe
11:32 Horse Collar
13:44 Wheelbarrow
13:27 Bow Saw
24:56 Imperial Age
22:47 Loom
23:57 Light Cavalry
27:10 Chemistry
27:18 Fortified Wall
27:14 Hussar
39:50 Fletching
41:51 Murder Holes
42:25 Ballistics
43:54 Double Crossbow
44:57 Pikeman
45:01 Cavalier
46:34 Heavy Scorpion
47:55 Forging
47:50 Scale Barding Armor
57:29 Husbandry
57:40 Bloodlines
58:08 Iron Casting
57:53 Chain Barding Armor
63:21 Halberdier
Connection lost

Rejoining the realm…

Still unreachable

The connection could not be restored.

Session expired

The server has moved on; the page needs a fresh start.